 Dungeon Sprint DCSS version 0.17-a0-1468-gbf503c2 (webtiles) character file.

44 emikaela the Covert (level 3, -2/25 HPs)
             Began as an Octopode Assassin on July 1, 2015.
             Was an Initiate of Ru.
             Killed from afar by a deep elf conjurer (26 damage)
             ... with a bolt of lightning
             ... in the Dungeon (Sprint V: "Ziggurat Sprint").
             The game lasted 00:03:29 (145 turns).

emikaela the Covert (Octopode Assassin)              Turns: 145, Time: 00:03:30

Health: -2/25      AC:  1    Str: 22    XL:     3   Next: 62%
Magic:  3/3        EV: 13    Int: 27    God:    Ru [......]
Gold:   0          SH:  0    Dex: 30    Spells: 0 memorised, 2 levels left

rFire  . . .     SeeInvis .     a - +5 dagger
rCold  . . .     Clarity  .     (no shield)
rNeg   . . .     SustAt   .     (helmet restricted)
rPois  .         Gourm    .     o - amulet "Qienuju" {rMut Int+2 Dex+4}
rElec  .         Spirit   .     y - +6 ring of dexterity
rCorr  .         Warding  .     B - +6 ring of dexterity
rMut   +         NoTele   +     C - +6 ring of intelligence
MR     .....                    D - +6 ring of intelligence
Stlth  +++++++...               E - +6 ring of strength
                                F - +6 ring of strength
                                (no ring)
                                (no ring)

@: not resistant to hostile enchantments, extremely stealthy
A: almost no armour, amphibious, 8 rings, constrict 8, camouflage 1, gelatinous
body 1
a: Renounce Religion


You were in the Dungeon.
You worshipped Ru.
Ru was noncommittal.
You were not hungry.

You visited 1 branch

Inventory:

Hand weapons
 a - a +5 dagger (weapon)
 b - a +0 blowgun
 K - a +5 quick blade
 L - a +5 rapier
 R - the +14 plutonium sword {*Contam Stlth-}
   (You found it in the Dungeon)

   It causes magical contamination when unequipped.
   It makes you less stealthy.
Missiles
 c - 8 poisoned needles
 d - 2 curare-tipped needles
 Z - 1000 sling bullets
Armour
 N - the +18 shield of the gong {rElec rN+ MR+ EV-5}
   (You found it in the Dungeon)

   It affects your evasion (-5).
   It insulates you from electricity.
   It protects you from negative energy.
   It affects your resistance to hostile enchantments.
Jewellery
 o - the amulet "Qienuju" (around mantle) {rMut Int+2 Dex+4}
   (You found it in the Dungeon)

   [amulet of resist mutation]

   It protects you from mutation.
   It affects your intelligence (+2).
   It affects your dexterity (+4).
 y - a +6 ring of dexterity (left tentacle)
 B - a +6 ring of dexterity (right tentacle)
 C - a +6 ring of intelligence (on tentacle)
 D - a +6 ring of intelligence (on tentacle)
 E - a +6 ring of strength (on tentacle)
 F - a +6 ring of strength (on tentacle)
Magical devices
 G - a wand of disintegration (7)
 H - a wand of fire (5)
 I - a wand of cold (5)
 J - a wand of draining (5)
Scrolls
 k - 4 scrolls of blinking
 r - 4 scrolls of amnesia
 s - 3 scrolls of recharging
 t - 7 scrolls of fog
 u - a scroll of holy word
 v - 5 scrolls of identify
 w - 5 scrolls of remove curse
 x - 2 scrolls of fear
Potions
 f - 10 potions of curing
 g - 10 potions of heal wounds
 h - 6 potions of haste
 i - 7 potions of magic
 j - 3 potions of berserk rage
 l - 2 potions of brilliance
 m - 2 potions of invisibility
 n - 4 potions of resistance
 p - 5 potions of agility
 q - 5 potions of might
Miscellaneous
 M - a disc of storms
Comestibles
 e - 5 bread rations
 z - 42 fruits
 A - 4 meat rations
 O - 4 chunks of flesh


   Skills:
 + Level 2.6 Fighting
 * Level 6.1 Short Blades
 + Level 2.5 Throwing
 + Level 1.8 Dodging
 * Level 9.9 Stealth


You had 2 spell levels left.
You didn't know any spells.

Dungeon Overview and Level Annotations

Branches:
Dungeon (1/1)

Altars:
Ashenzari
Cheibriados
Dithmenos
Elyvilon
Fedhas
Gozag
Kikubaaqudgha
Makhleb
Nemelex Xobeh
Okawaru
Qazlal
Ru
Sif Muna
Trog
Vehumet
Xom
Yredelemnul
Zin
The Shining One
Beogh
Jiyva
Lugonu


Innate Abilities, Weirdness & Mutations

You cannot wear most types of armour.
You are amphibious.
You can wear up to eight rings at the same time.
You can use your tentacles to constrict eight enemies at once.
Your skin changes colour to match your surroundings (Stealth).
Your rubbery body absorbs attacks (AC +1).


Message History

B - a +6 ring of dexterity (right tentacle) Put on which piece of jewellery? (? for menu, Esc to quit)
You feel clever.
C - a +6 ring of intelligence (on tentacle) Put on which piece of jewellery? (? for menu, Esc to quit)
You feel clever.
D - a +6 ring of intelligence (on tentacle) Put on which piece of jewellery? (? for menu, Esc to quit)
You feel stronger.
E - a +6 ring of strength (on tentacle) Put on which piece of jewellery? (? for menu, Esc to quit)
You feel stronger.
F - a +6 ring of strength (on tentacle)
Your surroundings seem different!
Welcome to arena 2.
An orc sorcerer, a deep elf mage and a deep elf conjurer come into view.
Found 2 scrolls of brand weapon and an uncursed staff of wizardry.
The deep elf conjurer gestures at you while chanting.
The bolt of lightning hits you!
Ouch! That really hurt!
You die...

▓▓▓▓▓▓▓▓▓▓▓▓▓
▓.8©8.▓.8©8.▓
▓.oee.▓.....▓
▓..@..▓.).).▓
▓.....▓.....▓
▓.....▓.....▓
▓.....▓.....▓
▓.....▓▓▓▓▓▓▓
▓▓▓▓▓▓▓


You could see a deep elf conjurer, an orc sorcerer (sleeping) and a deep elf
mage (sleeping).

Vanquished Creatures
  An orc priest (D)
  An orc (D)
2 creatures vanquished.

Notes
Turn   | Place    | Note
--------------------------------------------------------------
     0 | D        | emikaela the Octopode Assassin began the quest for the Orb.
     0 | D        | Reached XP level 1. HP: 14/14 MP: 1/1
     0 | D        | Found a roughly hewn altar of Beogh.
     0 | D        | Found a corrupted altar of Lugonu.
     0 | D        | Found a viscous altar of Jiyva.
     0 | D        | Found a white marble altar of Elyvilon.
     0 | D        | Found a sparkling altar of Nemelex Xobeh.
     0 | D        | Found a burning altar of Makhleb.
     0 | D        | Found an iron altar of Okawaru.
     0 | D        | Found a deep blue altar of Sif Muna.
     0 | D        | Found a radiant altar of Vehumet.
     0 | D        | Found a bloodstained altar of Trog.
     0 | D        | Found a shimmering altar of Xom.
   109 | D        | Became a worshipper of Ru the Awakened
   115 | D        | Reached skill level 5 in Short Blades
   115 | D        | Reached skill level 9 in Stealth
   115 | D        | Reached XP level 2. HP: 19/19 MP: 2/2
   120 | D        | Entered arena 1.
   120 | D        | Noticed an orc priest
   123 | D        | Killed an orc priest
   123 | D        | Reached XP level 3. HP: 23/25 MP: 3/3
   126 | D        | Got the amulet "Qienuju" {rMut Int+2 Dex+4}
   141 | D        | Entered arena 2.
   141 | D        | Noticed an orc sorcerer
   141 | D        | Noticed a deep elf conjurer
   141 | D        | Noticed a deep elf mage
   145 | D        | Killed from afar by a deep elf conjurer

Vault maps used:
D:        sprint_v

Action                   || total
-------------------------++-------
Melee: Dagger            ||     2
  Use: Potion            ||     1
 Stab: Sleeping          ||     2
